 Dungeon Crawl Stone Soup version 0.20.0-14-g326068f (webtiles) character file.

133 theemperora the Shield-Bearer (level 4, -5/45 HPs)
             Began as a Troll Fighter on June 8, 2017.
             Killed from afar by an orc wizard (14 damage)
             ... with a puff of flame
             ... on level 3 of the Dungeon.
             The game lasted 00:07:08 (1702 turns).

theemperora the Shield-Bearer (Troll Fighter)       Turns: 1702, Time: 00:07:08

Health: -5/45      AC:  6    Str: 25    XL:     4   Next: 94%
Magic:  3/3        EV:  8    Int:  4    God:
Gold:   130        SH:  9    Dex:  9    Spells: 3/3 levels left

rFire    . . .     SeeInvis .   a - +0 long sword
rCold    . . .     Gourm    +   c - +0 shield
rNeg     . . .     Faith    .   r - +0 robe
rPois    .         Spirit   .   (helmet restricted)
rElec    .         Reflect  .   o - +0 cloak
rCorr    .         Harm     +   (gloves unavailable)
MR       .....                  (boots unavailable)
Stlth    +.........             g - amulet of harm
Regen    0.6/turn               (no ring)
MPRegen  0.1/turn               (no ring)

@: no status effects
A: unfitting armour, claws 3, fast metabolism 3, gourmand, regeneration 1,
shaggy fur 1, tough skin 2
a: no special abilities


You were on level 3 of the Dungeon.
You were not hungry.

You visited 1 branch of the dungeon, and saw 3 of its levels.

You collected 130 gold pieces.

Inventory:

Hand Weapons
 a - a +0 long sword (weapon)
 p - a +0 mace
 s - a cursed -1 club
 t - a +0 club
 x - a cursed +0 dagger
 y - a +0 club
 z - a +0 whip
 E - a +0 trident
Missiles
 i - 44 bolts
 u - 12 poisoned needles
Armour
 b - a +0 robe
 c - a +0 shield (worn)
 h - a +0 plate armour
 o - a +0 cloak (worn)
 r - a +0 robe (worn)
 w - a +0 pair of gloves
 B - a +0 robe
 C - a +0 large shield
 D - a +0 robe
Jewellery
 g - an amulet of harm (around neck)
Scrolls
 l - a scroll of remove curse {unknown}
 m - 3 scrolls of identify {unknown}
 q - a scroll of amnesia {unknown}
 A - a scroll of fog {unknown}
Potions
 d - a potion of might
 e - 2 potions of curing {unknown}
 n - a potion of agility {unknown}
 v - a potion of degeneration {unknown}
Comestibles
 f - a bread ration
 j - 2 royal jellies
 k - a fruit
 F - a chunk of flesh


   Skills:
 + Level 3.0 Fighting
 + Level 2.7 Long Blades
 + Level 2.9 Dodging
 + Level 3.2 Shields


You had 3 spell levels left.
You didn't know any spells.

Dungeon Overview and Level Annotations

Branches:
Dungeon (3/15)

Altars:


Innate Abilities, Weirdness & Mutations

You are too large for most types of armour.
You have claws for hands.
Your metabolism is lightning-fast.
You like to eat raw meat.
Your natural rate of healing is unusually fast.
You are covered in fur. (AC +1)
You have very tough skin. (AC +2)


Message History

A magic dart appears from out of thin air!
The magic dart hits you!
* * * LOW HITPOINT WARNING * * *
You see here a robe.
A magic dart appears from out of thin air!
The magic dart hits you!
* * * LOW HITPOINT WARNING * * *
Found a blue potion.
A magic dart appears from out of thin air!
The magic dart hits you!
A puff of flame appears from out of thin air!
The puff of flame hits you!
* * * LOW HITPOINT WARNING * * *
A puff of flame appears from out of thin air!
The puff of flame hits you!
* * * LOW HITPOINT WARNING * * *
You see here a blue potion.
A puff of flame appears from out of thin air!
The puff of flame hits you!
You die...

..#
#.#
#.#
#.#
#.#
#.#
#.#
#@#
#.#
#.#
#.#
#.#
#.#
#.#
#.#
#.#
#!#


There were no monsters in sight!

Vanquished Creatures
  A howler monkey (D:3)
  An adder (D:2)
  An ooze (D:1)
  3 worms (D:2)
  4 dart slugs
  A leopard gecko (D:3)
  8 orcs (D:3)
  3 giant cockroaches
  5 goblins
  7 hobgoblins
  7 jackals (D:2)
  4 bats
  2 frilled lizards
  6 rats
53 creatures vanquished.

Notes
Turn   | Place    | Note
-------+----------+-------------------------------------------
     0 | D:1      | theemperora the Troll Fighter began the quest for the Orb.
     0 | D:1      | Reached XP level 1. HP: 22/22 MP: 0/0
   135 | D:1      | Reached XP level 2. HP: 29/29 MP: 1/1
   973 | D:2      | Reached XP level 3. HP: 22/36 MP: 2/2
  1270 | D:2      | Reached XP level 4. HP: 43/44 MP: 3/3
  1702 | D:3      | Killed from afar by an orc wizard

Skill      XL: |  1  2  3  4 |
---------------+-------------+-----
Long Blades    | 2 |  2.7
Shields        | 3 |  3.2
Fighting       | 3 |  3.0
Dodging        | |  2.9

Action                   |  1- 3 |  4- 6 || total
-------------------------+-------+-------++-------
Melee: Long sword        |   139 |    44 ||   183
 Stab: Sleeping          |     1 |       ||     1
  Eat: Chunk             |     2 |     1 ||     3
       Bread ration      |     1 |     1 ||     2
       Royal jelly       |     1 |       ||     1
       Fruit             |     1 |       ||     1
Armor: Robe              |    69 |    19 ||    88
Dodge: Dodged            |    72 |    24 ||    96
Block: Shield            |    95 |    42 ||   137
       Rpst.: Long sword |    19 |    10 ||    29
